 Dungeon Crawl Stone Soup version 0.29-a0-648-g6b26cc9f40 (webtiles) character file.

Game seed: 18025060134042635091

300 meekasboy the Chopper (level 6, -21/56 HPs)
             Began as a Minotaur Berserker on June 21, 2022.
             Was a Believer of Trog.
             Demolished by an ogre
             ... wielding a +0 giant club
              (23 damage)
             ... on level 4 of the Dungeon.
             The game lasted 00:12:51 (2467 turns).

meekasboy the Chopper (Minotaur Berserker)          Turns: 2467, Time: 00:12:52

Health: -21/56     AC:  9    Str: 22    XL:     6   Next: 13%
Magic:  5/5        EV:  8    Int:  4    God:    Trog [**....]
Gold:   174        SH:  0    Dex: 11    Spells: 5/5 levels left

rFire   . . .      SeeInvis .   a - +0 hand axe
rCold   . . .      Faith    .   (no shield)
rNeg    . . .      Spirit   .   h - +0 chain mail
rPois   .          Reflect  .   (helmet restricted)
rElec   .          Harm     .   (no cloak)
rCorr   .          Rampage  .   (no gloves)
Will    .....                   (no boots)
Stlth   ..........              (no amulet)
HPRegen 0.18/turn               (no ring)
MPRegen 0.09/turn               (no ring)

@: no status effects
A: horns 2, retaliatory headbutt
a: Renounce Religion, Berserk, Trog's Hand


You were on level 4 of the Dungeon.
You worshipped Trog.
Trog was pleased with you.
You visited 1 branch of the dungeon, and saw 4 of its levels.

You collected 174 gold pieces.

Inventory:

Hand Weapons
 a - a +0 hand axe (weapon)
Armour
 b - a +0 animal skin
 h - a +0 chain mail (worn)
Jewellery
 f - an amulet of magic regeneration
Scrolls
 d - a scroll of vulnerability {unknown}
 i - a scroll of blinking (quivered) {unknown}
 k - a scroll of immolation {unknown}
 m - a scroll of enchant armour {unknown}
Potions
 c - a potion of curing
 e - 2 potions of heal wounds
 g - 2 potions of lignification
 j - a potion of cancellation
 l - a potion of resistance


   Skills:
 + Level 5.2 Fighting
 + Level 6.0 Axes
 + Level 1.1 Throwing
 + Level 4.0 Armour
 + Level 2.8 Dodging
 + Level 0.2 Stealth


You had 5 spell levels left.
You didn't know any spells.
Your spell library was empty.

Dungeon Overview and Level Annotations

Branches:
Dungeon (4/15)
 Temple: D:4-7

Altars:
Elyvilon
Makhleb
Okawaru
Qazlal
Uskayaw
Yredelemnul
Zin


Innate Abilities, Weirdness & Mutations

You have a pair of horns on your head.
You reflexively headbutt those who attack you in melee.


Message History

The jackal bites you. The jackal closely misses you.
You hit the jackal but do no damage.
The jackal is moderately wounded.
The jackal barely misses you.
You slash the jackal!
You kill the jackal!
Trog accepts your kill.
Found a burning altar of Makhleb.
Found three altars.
Found a hide-covered altar of Uskayaw.
There is a stormy altar of Qazlal here.
There is a basalt altar of Yredelemnul here.
There is a hide-covered altar of Uskayaw here.
There is a hide-covered altar of Uskayaw here.
m - a scroll labelled ITRATO DITE HP restored.
Found a stone staircase leading down.
An adder comes into view.
The adder hisses angrily.
You slash the adder! You headbutt the adder.
You kill the adder!
Trog accepts your kill.
Your Axes skill increases to level 6!
Found 9 gold pieces.
An ogre comes into view. It is wielding a +0 giant club.
The ogre shouts!
You hit the ogre.
The ogre is lightly wounded.
The ogre hits you with a +0 giant club!!
Ouch! That really hurt!
You slash the ogre!
The ogre is moderately wounded.
You hit the ogre. You headbutt the ogre!
The ogre is severely wounded.
The ogre hits you with a +0 giant club!!
* * * LOW HITPOINT WARNING * * *
You hit the ogre.
The ogre is almost dead.
The ogre hits you with a +0 giant club!!
You die...

#...# ##$#. #<..# ...
#.†.###### ...
#......... ...
##†)###### #.# #...#
#.# # #..## #.# .#
##..####### #O###..#
..........# #@.....#
##..#####.# #.###.##
....# #.# # .#.##
.######.# ...#
........# ...##
#######.# ....# #.#
..†.# ##########.###.#
.†..###........>.....#


You could see an ogre.

Vanquished Creatures
  A hound (D:4)
  2 orc priests (D:3)
  Jessica (D:2)
  An orc wizard (D:3)
  Robin (D:2)
  7 adders
  An ufetubus (D:4)
  2 dart slugs
  2 orcs (D:3)
  4 endoplasms
  A giant cockroach (D:1)
  15 goblins
  5 hobgoblins
  5 jackals
  2 quokkas
  6 ball pythons
  11 bats
  A frilled lizard (D:1)
  5 kobolds
  5 rats
78 creatures vanquished.

Notes
Turn   | Place    | Note
-------+----------+-------------------------------------------
     0 | D:1      | meekasboy the Minotaur Berserker began the quest for the
                  | Orb.
     0 | D:1      | Reached XP level 1. HP: 19/19 MP: 0/0
   230 | D:1      | Reached XP level 2. HP: 18/27 MP: 1/1
   232 | D:1      | Reached skill level 4 in Axes
   277 | D:1      | Found a faded altar of an unknown god.
  1172 | D:2      | Reached XP level 3. HP: 32/34 MP: 2/2
  1203 | D:2      | Reached ** piety under Trog
  1540 | D:2      | Found a glowing silver altar of Zin.
  1616 | D:2      | Noticed Jessica
  1621 | D:2      | Noticed Robin
  1638 | D:2      | Reached XP level 4. HP: 13/41 MP: 3/3
  1639 | D:2      | Killed Robin
  1648 | D:2      | Killed Jessica
  2005 | D:3      | Reached skill level 5 in Axes
  2129 | D:3      | Reached XP level 5. HP: 42/47 MP: 4/4
  2165 | D:3      | Reached skill level 5 in Fighting
  2172 | D:3      | Reached skill level 1 in Throwing
  2377 | D:4      | Reached XP level 6. HP: 46/56 MP: 5/5
  2395 | D:4      | Found a stormy altar of Qazlal.
  2410 | D:4      | Found a burning altar of Makhleb.
  2411 | D:4      | Found a basalt altar of Yredelemnul.
  2411 | D:4      | Found a white marble altar of Elyvilon.
  2411 | D:4      | Found an iron altar of Okawaru.
  2412 | D:4      | Found a hide-covered altar of Uskayaw.
  2458 | D:4      | Reached skill level 6 in Axes
  2466 | D:4      | HP: 2/56 [ogre/+0 giant club (22)]
  2467 | D:4      | Demolished by an ogre

Illustrated notes

Levels and vault maps discovered:
D:1:      amcnicky_arrival_wind_blow, layout_rooms,
          chequers_ecumenical_altar_simple_redux, minmay_statues_item
D:2:      layout_basic, basic_altar, uniq_jessica, uniq_robin
D:3:      layout_loops_cross
D:4:      layout_loops_ring, grunt_temple_overflow_open,
          minmay_misc_feat_hallway

Skill      XL: |  1  2  3  4  5  6 |
---------------+-------------------+-----
Axes           | 4 5 6 |  6.0
Fighting       | 4 5 |  5.2
Armour         | 3 4 |  4.0
Throwing       | 1 |  1.1
Dodging        | |  2.8
Stealth        | |  0.2

Action                   |  1- 3 |  4- 6 || total
-------------------------+-------+-------++-------
Melee: Hand axe          |    75 |    77 ||   152
       Headbutt          |    12 |    13 ||    25
       Punch             |     1 |       ||     1
Throw: Stone             |    19 |       ||    19
Invok: Berserk           |       |     2 ||     2
       Trog's Hand       |       |     1 ||     1
  Use: Scroll            |     2 |       ||     2
       Potion            |     2 |     6 ||     8
Armor: Scale mail        |    43 |       ||    43
       Ring mail         |     2 |       ||     2
       Chain mail        |    22 |    59 ||    81
Dodge: Dodged            |    66 |    34 ||   100

Table legend: (Time is in decaauts)
 A = Elapsed time spent in this place.
 B = Non-inter-level travel time spent in this place.
 C = Inter-level travel time spent in this place.
 D = Time resting spent in this place.
 E = Time spent auto-exploring this place.
 F = Levels seen in this place.
 G = Mean time per level.
                   A        B        C        D        E       F      G
               +--------+--------+--------+--------+--------+-----+--------+
         Total |   2499 |    945 |   1554 |    410 |      0 |   4 |  624.8 |
       Dungeon |   2499 |    945 |   1554 |    410 |      0 |   4 |  624.8 |
               +--------+--------+--------+--------+--------+-----+--------+

Top non-repeatable levels by time:
     D:1: 1160 daAuts
     D:2: 705 daAuts
     D:3: 530 daAuts
     D:4: 103 daAuts
